 Dungeon Crawl Stone Soup version 0.29-a0-286-g41199d4a87 (webtiles) character file.

Game seed: 10525542910012444532

44 uvb77 the Conjurer (level 3, -1/26 HPs)
             Began as a Draconian Conjurer on Mar 16, 2022.
             Slain by a gnoll
             ... wielding a +0 flail
              (3 damage)
             ... on level 1 of the Dungeon.
             The game lasted 00:07:42 (1899 turns).

uvb77 the Conjurer (Draconian Conjurer)             Turns: 1899, Time: 00:07:42

Health: -1/26      AC:  5    Str:  9    XL:     3   Next: 41%
Magic:  0/6        EV: 12    Int: 20    God:
Gold:   26         SH:  0    Dex:  9    Spells: 0/6 levels left

rFire   . . .      SeeInvis .   (no weapon)
rCold   . . .      Faith    .   (no shield)
rNeg    . . .      Spirit   .   (body armour unavailable)
rPois   .          Reflect  .   (helmet restricted)
rElec   .          Harm     .   (no cloak)
rCorr   .          Rampage  .   (no gloves)
Will    .....                   (no boots)
Stlth   ++........              (no amulet)
HPRegen 0.08/turn               (no ring)
MPRegen 0.10/turn               (no ring)

@: no status effects
A: AC +5, unfitting armour, cold-blooded
a: no special abilities


You were on level 1 of the Dungeon.
You visited 1 branch of the dungeon, and saw 2 of its levels.

You collected 26 gold pieces.

Inventory:

Hand Weapons
 h - a +0 short sword
Missiles
 g - 3 poisoned darts
Scrolls
 b - 4 scrolls of identify {unknown}
 c - a scroll of teleportation {unknown}
 e - a scroll of noise {unknown}
 l - a scroll of blinking {unknown}
 m - a scroll of torment {unknown}
 n - a scroll of vulnerability {unknown}
Potions
 a - a potion of magic
 d - 2 potions of curing {unknown}
 f - a potion of attraction {unknown}
 i - 2 potions of heal wounds {unknown}
 j - a potion of flight {unknown}
 k - a potion of degeneration {unknown}
 o - a potion of berserk rage {unknown}


   Skills:
 + Level 1.9 Dodging
 + Level 2.2 Stealth
 + Level 2.1 Spellcasting
 * Level 4.9 Conjurations


You couldn't memorise any spells.
You knew the following spells:

 Your Spells              Type           Power      Damage    Failure   Level
a - Magic Dart            Conj           84%        1d7       1%          1
b - Searing Ray           Conj           42%        2d6       3%          2
c - Dazzling Flash        Conj/Hex       24%        N/A       17%         3

Your spell library contained the following spells:

 Spells                   Type           Power      Damage    Failure   Level
 Fulminant Prism          Conj/Hex       6%         3d7       50%         4
 Iskenderun's Mystic Bla  Conj/Tloc      12%        2d5       50%         4


Dungeon Overview and Level Annotations

Branches:
Dungeon (2/15)

Altars:


Innate Abilities, Weirdness & Mutations

Your plain brown scales are hard. (AC +5)
You cannot fit into any form of body armour.
You are cold-blooded and may be slowed by cold attacks.


Message History

Casting: Magic Dart (safe; 1% risk of failure)
Confirm with . or Enter, or press ? or * to list all spells.
Aiming: Searing Ray (safe; 3% risk of failure)
Press: ? - help, Shift-Dir - straight line, f - bat
Aim: a bat (66% to hit)
The searing ray hits the bat.
The bat is moderately wounded. (Press . to maintain the ray.)
The bat hits you but does no damage.
The searing ray hits the bat!
You kill the bat!
The gnoll hits you with a +0 flail.
There is a stone staircase leading up here.
The gnoll hits you with a +0 flail!
You climb upwards.
There is a stone staircase leading down here.
The gnoll attacks as you move away! The gnoll barely misses you.
The gnoll attacks as you move away! The gnoll hits you with a +0 flail.
The gnoll attacks as you move away! The gnoll completely misses you.
The gnoll attacks as you move away! The gnoll misses you.
The gnoll attacks as you move away! The gnoll hits you with a +0 flail!
The gnoll attacks as you move away! The gnoll hits you with a +0 flail.
* * * LOW HITPOINT WARNING * * *
The gnoll attacks as you move away! The gnoll barely misses you.
Casting: Searing Ray (safe; 3% risk of failure)
Confirm with . or Enter, or press ? or * to list all spells.
Aiming: Searing Ray (safe; 3% risk of failure)
Press: ? - help, Shift-Dir - straight line, f - gnoll
Aim: a gnoll, wielding a +0 flail (moderately wounded, 81% to hit)
The searing ray hits the gnoll.
The gnoll is heavily wounded. (Press . to maintain the ray.)
The gnoll misses you.
The searing ray hits the gnoll but does no damage.
The gnoll is heavily wounded.
The gnoll misses you.
The searing ray misses the gnoll.
The gnoll hits you with a +0 flail.
* * * LOW HITPOINT WARNING * * *
The gnoll attacks as you move away! The gnoll hits you with a +0 flail.
You die...

#.......##.........####.
#.##.##.###.......## #.
#.##.##.# ##.....## #.
#.##.##.# ##...## ##
#.##.##.# ##'##
#.##.##.# #.#
#.......######.##
####.##.........#
#.##@#####.).## #.##g#
##.....####### #.##.#
#.............
#.##.###.##..########
#........##..#
####.........#
########.## #.# #.#


You could see a gnoll.

Vanquished Creatures
  3 dart slugs
  5 bats
  6 endoplasms
  A giant cockroach (D:1)
  6 goblins (D:1)
  2 hobgoblins
  2 jackals (D:1)
  2 quokkas (D:1)
  2 ball pythons (D:1)
  A kobold (D:1)
  3 rats
33 creatures vanquished.

Notes
Turn   | Place    | Note
-------+----------+-------------------------------------------
     0 | D:1      | uvb77 the Draconian Conjurer began the quest for the Orb.
     0 | D:1      | Reached XP level 1. HP: 14/14 MP: 3/3
   477 | D:1      | Reached XP level 2. HP: 20/20 MP: 1/5
   480 | D:1      | Learned a level 2 spell: Searing Ray
  1273 | D:1      | Reached XP level 3. HP: 26/26 MP: 0/6
  1338 | D:1      | Learned a level 3 spell: Dazzling Flash
  1899 | D:1      | Slain by a gnoll

Illustrated notes

Levels and vault maps discovered:
D:1:      wander_arrival_chamber, layout_loops_corners
D:2:      layout_basic, basic_altar, minmay_ruptured, uniq_sigmund,
          uniq_crazy_yiuf_cottage, uniq_robin

Skill      XL: |  1 |
---------------+----+-----
Stealth        | 2 |  2.2
Dodging        | |  1.9
Spellcasting   | |  2.1
Conjurations   | |  4.9

Action                   || total
-------------------------++-------
Melee: Unarmed           ||     4
       Tailslap          ||     1
 Cast: Magic Dart        ||    54
       Searing Ray       ||     9
 Stab: Sleeping          ||     1
Armor: Skin              ||     7
Dodge: Dodged            ||    30

Table legend: (Time is in decaauts)
 A = Elapsed time spent in this place.
 B = Non-inter-level travel time spent in this place.
 C = Inter-level travel time spent in this place.
 D = Time resting spent in this place.
 E = Time spent auto-exploring this place.
 F = Levels seen in this place.
 G = Mean time per level.
                   A        B        C        D        E       F      G
               +--------+--------+--------+--------+--------+-----+--------+
         Total |   1899 |   1868 |     31 |    268 |   1374 |   2 |  949.5 |
       Dungeon |   1899 |   1868 |     31 |    268 |   1374 |   2 |  949.5 |
               +--------+--------+--------+--------+--------+-----+--------+

Top non-repeatable levels by time:
     D:1: 1679 daAuts
     D:2: 219 daAuts
